AoeStats
← natansdr

Fortress

508713543Analyzed
3v3 RM · 10d ago on Sep 23, 2026· 25m 46s· 6 players
Game mode
Random Map
Map size
Large (8 player)
Population
200
Speed
Normal
Resources
Standard
Victory
Conquest
Starting age
Dark Age
Ending age
Imperial Age
RankedLock teamsTeams togetherTeam positionsShared explorationLock speedFull tech treeHidden civsTurbo modeCheats
Victory
Defeat
🇵🇪 Turks · Peru
1082
+12
🇩🇪 Mongols · Germany
1072
+13
🇲🇽 Franks · Mexico
1035
+14
🇩🇪 Danes · Germany
1024
-14
🇩🇪 Italians · Germany
1016
-14
🇩🇪 Goths · Germany
952
-34
JANROD2944
0:46 Loom
8:12 Feudal Age
10:25 Wheelbarrow
10:28 Double-Bit Axe
16:13 Castle Age
15:52 Stone Mining
15:52 Gold Mining
17:33 Hand Cart
20:27 Gold Shaft Mining
21:32 Bow Saw
25:16 Imperial Age
24:52 Husbandry
24:13 Light Cavalry
natansdr
0:28 Loom
7:17 Feudal Age
8:11 Double-Bit Axe
8:08 Horse Collar
9:10 Wheelbarrow
8:21 Town Watch
11:23 Fletching
11:37 Padded Archer Armor
12:39 Scale Barding Armor
15:41 Castle Age
14:05 Gold Mining
14:34 Bloodlines
16:39 Bow Saw
16:35 Heavy Plow
16:34 Bodkin Arrow
17:02 Stone Mining
17:46 Husbandry
26:15 Leather Archer Armor
The_Valhalla
8:42 Feudal Age
10:40 Double-Bit Axe
10:36 Horse Collar
13:59 Castle Age
17:10 Imperial Age
15:29 Bow Saw
16:09 Loom
16:29 Gold Mining
20:00 Wheelbarrow
22:28 Scale Barding Armor
22:33 Forging
25:33 Hand Cart
25:04 Town Watch
authriop
8:20 Feudal Age
20:57 Castle Age
24:10 Squires
24:51 Pikeman
GorbGorb
8:29 Feudal Age
10:20 Double-Bit Axe
10:32 Horse Collar
13:27 Castle Age
15:19 Bow Saw
15:11 Heavy Plow
15:56 Fletching
16:07 Padded Archer Armor
22:26 Gold Mining
Pyrox
7:34 Feudal Age
11:24 Castle Age
9:37 Horse Collar
11:04 Double-Bit Axe
13:50 Wheelbarrow
13:05 Loom
13:59 Bow Saw
16:57 Heavy Plow
18:15 Gold Mining
20:58 Husbandry
21:10 Bloodlines
21:55 Light Cavalry
Connection lost

Rejoining the realm…

Still unreachable

The connection could not be restored.

Session expired

The server has moved on; the page needs a fresh start.